[Event "*** Titled Tuesday Blitz"]
[Site "Chess.com"]
[Date "2020.05.26"]
[Round "5"]
[White "kleopl"]
[Black "TregubovP"]
[Result "1-0"]
[WhiteElo "2431"]
[BlackElo "2565"]
[TimeControl "180+1"]
[EndTime "10:58:14 PDT"]
[Termination "kleopl won on time"]

1. c3 c5 2. d4 Nf6 3. Nf3 b6 4. g3 Bb7 5. Bg2 g6 6. O-O Bg7 7. a4 O-O 8. Bf4 d6 9. Na3 Nbd7 10. Qc1 Re8 11. Bh6 Rc8 12. Bxg7 Kxg7 13. Qd2 e5 14. e3 cxd4 15. cxd4 e4 16. Ng5 h6 17. Nh3 a6 18. Nf4 d5 19. Rfc1 Qe7 20. a5 Qd6 21.
Bf1 g5 22. Ne2 h5 23. Rxc8 Rxc8 24. Rc1 Rxc1 25. Nxc1 h4 26. Qc3 hxg3 27. hxg3 Ng4 28. Bh3 Ndf6 29. Qb3 b5 30. Qc2 Qd8 31. b4 Qh8 32.
Bg2 Qh2+ 33. Kf1 Nh5 34. Ne2 Nxe3+ 35. fxe3 Nxg3+ 36. Nxg3 Qxg3 37. Qf2 Qd6 38. Qd2 Bc8 39. Nb1 f5 40. Na3 f4 41. exf4 gxf4 42. Nc2 f3 43. Qg5+ Kf8 44. Bh1 Bh3+ 45. Kg1 Bd7 46. Ne3 Ke8 47.
Bxf3 exf3 48. Qh5+ Kd8 49. Qxf3 Qxb4 50. Qxd5 Qxa5 51.
Ng4 Qe1+ 52. Kg2 Qe6 53. Qa8+ Ke7 54. Ne5 Qd6 55. Qe4 Be6 56. Kf2 Qd5 57. Ng6+ Kd6 58. Qf4+ Kd7 59. Ne5+ Kc8 60. Qh4 Qd8 61. Qe4 Qd5 62.
Qh4 Qd8 63. Qe4 Qd7 64. Qc2+ Qc7 65. Qe4 Kb8 66. Nc6+ Kc8 67. Ne5 Kb8 68. Nc6+ Kb7 69. Ne5+ Kb6 70. Qe3 Kb7 71. Kg3 1-0

[Event "*** Titled Tuesday Blitz"]
[Site "Chess.com"]
[Date "2020.05.26"]
[Round "5"]
[White "Mostii"]
[Black "MoonlighT89"]
[Result "0-1"]
[WhiteElo "2363"]
[BlackElo "2545"]
[TimeControl "180+1"]
[EndTime "10:58:18 PDT"]
[Termination "MoonlighT89 won by checkmate"]

1. d4 Nf6 2. Nf3 e6 3. g3 d5 4. Bg2 Be7 5. O-O O-O 6. b3 a5 7. Bb2 a4 8. c4 a3 9. Bc3 Na6 10. Nbd2 Bb4 11. Qc2 c6 12. Ne5 Qa5 13. Bxb4 Nxb4 14.
Qc3 Nd7 15. Nxd7 Bxd7 16. e4 Rac8 17. c5 b6 18. Rfc1 bxc5 19. Qxc5 Qxc5 20. Rxc5 Ra8 21. e5 Rfb8 22. f4 g6 23. Bf1 Kf8 24. Kf2 Ke7 25.
Ke3 Bc8 26. Nb1 Ba6 27. Bxa6 Rxa6 28. Nc3 Kd7 29. Rc1 h6 30. h4 Rg8 31. Rf1 Ke7 32. Rf2 Raa8 33. Nd1 g5 34. fxg5 hxg5 35. h5 g4 36. Rh2 Rh8 37. Nf2 Rag8 38. Ra5 Rg5 39. Ra7+ Kf8 40. Ra8+ Kg7 41. Rxa3 Nc2+ 42. Kf4 Nxa3 43.
Kxg5 Nc2 44. Nxg4 Nxd4 45. h6+ Kf8 46. Nf6 Nf3+ 47. Kf4 Nxh2 48. h7 Kg7 49. g4 Ra8 50. a4 Rb8 51. Kg3 Nf1+ 52. Kf2 Nd2 53. a5 Nxb3 54.
Kg3 Nxa5 55. Kh4 Rh8 56. g5 Nc4 57. Kg4 Nxe5+ 58. Kf4 Ng6+ 59. Kg3 Rxh7 60. Ne8+ Kf8 61. Nf6 Rh1 62. Kg4 Rg1+ 63. Kh5 Nf4+ 64. Kh4 Ng6+ 65.
Kh5 c5 66. Nd7+ Kg7 67. Nf6 Rh1+ 68. Kg4 Rh4+ 69. Kg3 c4 70. Ne8+ Kf8 71. Nd6 c3 72. Nb5 c2 73. Nd4 c1=Q 74. Nf3 Qf4+ 75. Kg2 Rg4+ 76. Kf2 Rg3 77. Ke1 Qxf3 78. Kd2 Qf2+ 79. Kd1 Rg1# 0-1

[Event "*** Titled Tuesday Blitz"]
[Site "Chess.com"]
[Date "2020.05.26"]
[Round "5"]
[White "vanyakuba"]
[Black "freshfoodcompany"]
[Result "1-0"]
[WhiteElo "2471"]
[BlackElo "2213"]
[TimeControl "180+1"]
[EndTime "10:58:29 PDT"]
[Termination "vanyakuba won by checkmate"]

1. e4 c5 2. c3 d5 3. exd5 Qxd5 4. d4 Nc6 5. Nf3 Bg4 6. Be2 cxd4 7. cxd4 e6 8. Nc3 Qa5 9. h3 Bh5 10. O-O Bd6 11. Ne4 Be7 12. Bd2 Qb6 13. Be3 Qc7 14.
d5 Rd8 15. d6 Bxd6 16. Nxd6+ Qxd6 17. Qb3 Qc7 18. Rac1 Nge7 19. Bxa7 Nd5 20. Bc5 Qd7 21. Bb5 Bxf3 22. Qxf3 Nf6 23. Rfd1 Nd5 24. a3 Rc8 25. b4 b6 26. Bxb6 O-O 27. Bc5 Rfd8 28. g3 Qb7 29. Bc4 Ne5 30. Qe4 Nxc4 31. Qxc4 Nb6 32. Rxd8+ Rxd8 33. Bxb6 Qxb6 34. Qc5 Qb7 35. a4 h6 36. a5 Rb8 37. Rc4 Kh7 38. h4 Qf3 39. Rf4 Qd1+ 40. Kg2 Qd5+ 41. Qxd5 exd5 42. Rd4 Rb5 43. Kf3 Kg6 44. Ke3 Kf5 45. Kd3 Ke5 46. Kc3 Rb8 47. f4+ Kd6 48. Kb3 f6 49. Ka4 Kc6 50.
Rd1 Rd8 51. Rc1+ Kb7 52. b5 d4 53. a6+ Kb6 54. Rc6+ Ka7 55. Ka5 d3 56. b6+ Kb8 57. Rc1 d2 58. Rd1 Rd5+ 59. Kb4 Rd6 60. Kc5 Rd8 61. Kc6 Rc8+ 62. Kb5 Rd8 63. h5 Rd5+ 64. Kc6 Rd8 65. a7+ Ka8 66. Kc7 Rf8 67. Rxd2 Rf7+ 68. Kc8 Rb7 69. Rd8 Rxb6 70. Kd7+ Kxa7 71. Ke7 Rb7+ 72.
Rd7 Rxd7+ 73. Kxd7 Kb6 74. Ke6 Kc5 75. Kf7 Kd4 76.
Kxg7 Ke4 77. Kxf6 Kf3 78. Kg6 Kxg3 79. f5 Kg4 80. f6 Kh4 81. f7 Kg4 82. f8=Q Kh4 83.
Qf4+ Kh3 84. Kxh6 Kg2 85. Qe3 Kh1 86. Qf3+ Kh2 87. Qg4 Kh1 88. Kg5 Kh2 89. Kf4 Kh1 90. Kf3 Kh2 91. Qg2# 1-0

[Event "*** Titled Tuesday Blitz"]
[Site "Chess.com"]
[Date "2020.05.26"]
[Round "5"]
[White "Evgeny81"]
[Black "Benjoneliere44"]
[Result "0-1"]
[WhiteElo "2715"]
[BlackElo "2559"]
[TimeControl "180+1"]
[EndTime "10:58:35 PDT"]
[Termination "Benjoneliere44 won on time"]

1. e4 c5 2. Nf3 d6 3. Bb5+ Nc6 4. O-O Bd7 5. Re1 Nf6 6. c3 a6 7. Bf1 Bg4 8. d3 Bxf3 9. Qxf3 g6 10. Qd1 Bg7 11. d4 cxd4 12. cxd4 O-O 13. Nc3 Qb6 14. d5 Ne5 15. h3 Rfc8 16. Qb3 Qxb3 17. axb3 Ned7 18.
b4 Ne8 19. Bd2 Bd4 20. Reb1 Nef6 21. b5 Bxc3 22. Bxc3 Nxe4 23. Be1 axb5 24. Rxa8 Rxa8 25.
Bxb5 Ndf6 26. f3 Nc5 27. b4 Na6 28. Bc4 Nc7 29. Rd1 b5 30. Bd3 Ncxd5 31. Bxb5 Rb8 32. Bc4 Nxb4 33. Bh4 Kg7 34. Be2 Nc6 35. Bf2 g5 36. Be3 h6 37. Bf2 Rb2 38. Kf1 Rc2 39. Bd3 Rc3 40. Be2 Ne5 41. Bd4 Rc2 42. Rb1 Nh5 43.
Bf2 Nf4 44. Bd1 Ra2 45. Bb3 Rd2 46. Be3 Rd3 47. Bf2 Rc3 48. Bd4 Rd3 49. Bf2 h5 50. Bc2 Rd2 51. Bb3 Ned3 52. Be3 Re2 53. Bd4+ e5 54. Ba7 Rxg2 55. Bc4 Rh2 56. Rb7 Rh1+ 57.
Bg1 Nxh3 58. Bxd3 Rxg1+ 59. Ke2 Nf4+ 60. Kf2 Rg2+ 61. Kf1 Rd2 62. Bf5 h4 63. Ke1 Rd4 64. Kf1 h3 65. Kg1 Rd1+ 66. Kh2 Rd2+ 67. Kg1 h2+ 68. Kh1 Nd3 69. Be6 Kf6 70. Bxf7 g4 71.
fxg4 Kg5 72. Be6 Kf4 73. Rb1 Kg3 74. Rb3 Kh4 75. Bf5 Nf2+ 76. Kxh2 Nxg4+ 77. Kg1 Rd1+ 78. Kg2 Rd2+ 79. Kg1 d5 80. Be6 e4 81. Rb8 e3 0-1

[Event "*** Titled Tuesday Blitz"]
[Site "Chess.com"]
[Date "2020.05.26"]
[Round "5"]
[White "aakankshachess"]
[Black "kleinebeer98"]
[Result "0-1"]
[WhiteElo "2457"]
[BlackElo "2672"]
[TimeControl "180+1"]
[EndTime "10:58:35 PDT"]
[Termination "kleinebeer98 won by resignation"]

1. e4 e5 2. Nf3 Nc6 3. Bb5 f5 4. Nc3 fxe4 5. Nxe4 Nf6 6. Nxf6+ Qxf6 7. Qe2 Be7 8. Bxc6 dxc6 9. Qxe5 O-O 10. Qxf6 Bxf6 11.
O-O Bg4 12. c3 c5 13. h3 Bxf3 14. gxf3 Rae8 15. d3 Re2 16. Be3 b6 17. Rab1 Rd8 18. Rfd1 Kf7 19. Kf1 Rc2 20. Ke1 Rd5 21. Kf1 a5 22. d4 cxd4 23. cxd4 Rb5 24. b3 Rxa2 25. Rdc1 Bd8 26. Ke1 Ke6 27. Kf1 Kd7 28. Kg2 Bg5 29. f4 Be7 30. Kf3 g6 31. Ke4 c6 32.
Kd3 Ra3 33. Kc3 a4 34. Kc2 axb3+ 35. Kb2 Ra2+ 36. Kc3 b2 37. Rd1 Ke6 38. Kc2 Kd5 39. Rd3 Bf6 40. Rb3 Bxd4 41. Rxb5+ cxb5 42. Bxd4 Kxd4 43. Kb3 Ra4 44. Rxb2 Ke4 45. Kc3 Rc4+ 46. Kd2 b4 47. Rb3 Kxf4 48. Rd3 Kg5 49. Rd7 h5 50. Rd6 Rc3 51.
Rxb6 Rb3 52. Kc2 Rf3 53. Rxb4 Rxf2+ 54. Kd1 Rh2 55. Rb3 Kf4 56. Ke1 Rg2 57. Kf1 Rg3 58. Rb4+ Kg5 59. h4+ Kf5 60. Kf2 Rg4 61. Rb5+ Kf6 62. Rb6+ Kg7 63. Rb7+ Kh6 64. Rb8 Rxh4 65.
Rh8+ Kg5 66. Ra8 Rf4+ 67. Kg3 h4+ 68. Kh3 Kh5 69. Rh8+ Kg5 70. Ra8 Rf3+ 71. Kg2 Rg3+ 72. Kh2 Rb3 73. Ra5+ Kh6 74. Kg2 g5 75. Ra4 h3+ 76.
Kh2 Kh5 77. Ra5 Kh4 78. Ra8 Rb2+ 79. Kg1 g4 80. Ra3 g3 81. Ra4+ Kg5 82. Ra5+ Kf6 83.
Ra6+ Ke5 84. Ra5+ Kd6 85. Ra6+ Kc5 86. Ra5+ Rb5 87. Ra1 Kd4 88. Re1 Rb3 89. Rf1 Rd3 90. Re1 Kc3 91. Re2 Rd1+ 0-1

[Event "*** Titled Tuesday Blitz"]
[Site "Chess.com"]
[Date "2020.05.26"]
[Round "5"]
[White "algatar2020"]
[Black "Chuchofrio1"]
[Result "1/2-1/2"]
[WhiteElo "1728"]
[BlackElo "2273"]
[TimeControl "180+1"]
[EndTime "10:58:43 PDT"]
[Termination "Game drawn - insufficient material"]

1. d4 f5 2. Nf3 Nf6 3. Bf4 d6 4.
e3 e6 5. c4 Be7 6. Nc3 O-O 7.
h3 Qe8 8. Be2 Nc6 9. O-O Bd8 10.
a3 e5 11. Bh2 Kh8 12. b4 e4 13. Nd2 Ne7 14. d5 Ng6 15. Bh5 Nxh5 16. Qxh5 Ne5 17. Qxe8 Rxe8 18. Ne2 Bf6 19. Rab1 Bd7 20. Nf4 g5 21.
Nh5 Bd8 22. Bxe5+ Rxe5 23. Nb3 Be8 24. Ng3 f4 25. Ne2 f3 26. gxf3 exf3 27. Ng3 Bg6 28. Rbc1 b6 29. Nd4 Bf6 30. Nxf3 Re7 31. Nd4 h6 32. Rfd1 Be5 33. Ngf5 Rh7 34. Ng3 Re8 35. Re1 Rf7 36. Kg2 Rfe7 37. Red1 h5 38. a4 Rf7 39. Ne6 h4 40. Nf1 Be4+ 41. Kg1 Bf6 42. Nd2 Bf5 43. Kg2 Kh7 44. Nd4 Bxd4 45. exd4 Re2 46. Nf3 Be4 47.
Rc3 Bxf3+ 48. Rxf3 Rxf3 49. Kxf3 Rc2 50. c5 bxc5 51.
dxc5 dxc5 52. bxc5 Rxc5 53. d6 cxd6 54. Rxd6 Rc3+ 55.
Kg2 Rc4 56. Rd7+ Kh6 57. Rxa7 Rc1 58. Ra8 Ra1 59. a5 Kg7 60. a6 Kh7 61. Kf3 Ra4 62. Ke3 Kg7 63. Kd3 Ra3+ 64. Kc4 Rxh3 65. a7 Ra3 66.
Kd4 h3 67. Rb8 Rxa7 68. Rb1 Ra4+ 69. Ke3 Rh4 70. Kf3 Kg6 71. Kg3 Kh5 72. Rh1 g4 73. Rd1 h2 74. Rh1 Rh3+ 75. Kg2 Kg5 76. Rxh2 Rxh2+ 77. Kxh2 Kf4 78. Kg2 Ke4 79. Kg3 Kf5 80.
Kg2 Kf4 81. Kg1 Kf3 82. Kf1 g3 83. fxg3 Kxg3 1/2-1/2

[Event "*** Titled Tuesday Blitz"]
[Site "Chess.com"]
[Date "2020.05.26"]
[Round "5"]
[White "swisspower96"]
[Black "tigra"]
[Result "1/2-1/2"]
[WhiteElo "2600"]
[BlackElo "2752"]
[TimeControl "180+1"]
[EndTime "10:58:47 PDT"]
[Termination "Game drawn by stalemate"]

1. d4 Nf6 2. c4 g6 3. Nc3 d5 4.
cxd5 Nxd5 5. e4 Nxc3 6. bxc3 Bg7 7. Bc4 c5 8. Ne2 O-O 9. O-O Nc6 10. Be3 b6 11.
Rc1 Qc7 12. Qd2 Rd8 13. Rfd1 Bb7 14. Qe1 Rac8 15. f3 Na5 16. Bd3 e5 17. h4 Qe7 18.
dxc5 bxc5 19. c4 Nc6 20. Nc3 Nd4 21. Nd5 Bxd5 22. cxd5 Bf6 23. h5 Bg5 24. Bc4 Kg7 25. Rb1 Bxe3+ 26. Qxe3 Rb8 27. h6+ Kf8 28. Qa3 Rb6 29.
Rb2 Rdb8 30. Rdb1 Qc7 31. Kf2 Ke7 32. Qc3 Kf6 33. g3 g5 34. Qd2 Kg6 35. g4 Kxh6 36.
Kg3 Kg6 37. Qh2 h6 38. Qh5+ Kg7 39. d6 Qd7 40. Rh1 Qxd6 41. Qxf7+ Kh8 42. Rbh2 Qf8 43. Rxh6+ Rxh6 44. Qxf8+ Rxf8 45. Rxh6+ Kg7 46. Ra6 Rxf3+ 47. Kg2 Rf4 48. Rxa7+ Kf8 49. Bd5 Rxg4+ 50. Kf2 Rf4+ 51. Ke1 g4 52. Ra8+ Ke7 53. Rg8 Nf3+ 54. Ke2 Nd4+ 55.
Kd3 Rf3+ 56. Kc4 g3 57. a4 Ra3 58. Kxc5 Ne2 59. Kb4 Ra1 60. Bc4 Rb1+ 61. Kc5 Rc1 62. Kb4 Rb1+ 63. Kc5 Rc1 64. a5 Rb1 65. a6 Rc1 66. a7 g2 67. Rxg2 Ra1 68. Rxe2 Rxa7 69.
Bd5 Ra5+ 70. Kb6 Ra3 71. Rf2 Rc3 72. Rf7+ Kd6 73. Rf6+ Kd7 74. Rc6 Re3 75. Rc4 Kd6 76.
Kb5 Rb3+ 77. Ka4 Re3 78. Rc6+ Kd7 79. Kb4 Re1 80. Kc3 Rc1+ 81. Kb4 Rxc6 82. Bxc6+ Kxc6 83. Kc4 Kd6 84. Kb5 Ke6 85. Kc5 Kf7 86. Kd6 Ke8 87.
Kxe5 Ke7 88. Kd5 Kd7 89. Ke5 Ke7 90. Kf4 Kf6 91. Ke3 Ke5 92. Kd3 Ke6 93. Kd4 Kd6 94.
e5+ Ke6 95. Ke4 Ke7 96. Kd5 Kd7 97. e6+ Ke7 98. Ke5 Ke8 99. Kd6 Kd8 100. e7+ Ke8 101. Ke6 1/2-1/2

[Event "*** Titled Tuesday Blitz"]
[Site "Chess.com"]
[Date "2020.05.26"]
[Round "5"]
[White "enriquetejedor"]
[Black "HanSchut"]
[Result "0-1"]
[WhiteElo "2449"]
[BlackElo "2181"]
[TimeControl "180+1"]
[EndTime "10:58:50 PDT"]
[Termination "HanSchut won by checkmate"]

1. e4 c5 2. Nf3 d6 3. d4 cxd4 4. Nxd4 Nf6 5. Nc3 a6 6. Bg5 e6 7. f4 Be7 8. Qf3 h6 9. Bh4 g5 10. fxg5 Nfd7 11. g6 Bxh4+ 12. g3 Ne5 13. gxf7+ Kf8 14.
Qe2 Bf6 15. O-O-O Kxf7 16. Qh5+ Kg7 17. Bh3 Qe8 18. Qe2 Bd7 19. Rhf1 Rf8 20. Nd5 Nbc6 21.
Nc7 Qg6 22. Ndxe6+ Bxe6 23. Nxe6+ Kh8 24. Nxf8 Rxf8 25.
Kb1 Be7 26. Bf5 Qg7 27. h4 b5 28. g4 Nc4 29. c3 Bxh4 30. Rh1 Bg5 31. Ka1 Ne7 32.
Rd3 Nxf5 33. gxf5 Re8 34. Rd4 Qe5 35. a3 d5 36. Qd3 dxe4 37. Qe2 e3 38. Rg1 Nd2 39. Rb1 Nb3+ 40. Ka2 Nxd4 41. cxd4 Qxd4 42. Rc1 Qd5+ 43. Ka1 Qd2 44. Qf1 Qxc1+ 45. Qxc1 e2 46.
Qc3+ Kg8 47. Qb3+ Kg7 48. Qc3+ Bf6 49. Qe1 h5 50. Ka2 h4 51. Qg1+ Kf7 52. Qg6+ Ke7 53.
Qh7+ Kd6 54. Qh6 e1=Q 55. Qxf6+ Kc7 56. Qg7+ Qe7 57. Qc3+ Kb7 58. Qf3+ Ka7 59. Qf2+ Qe3 60. Qxh4 b4 61. Qxb4 Qb6 62. Qa4 Rb8 63. Qc2 Qb5 64. Ka1 Rb7 65. Qc3 Qb6 66. Qc2 Qb5 67. Ka2 Qd7 68.
b3 Qd5 69. Qf2+ Rb6 70. Qc2 Qb7 71. a4 Rc6 72. Qf2+ Qb6 73. Qe2 Qc5 74. Qb2 Qc2 75. f6 Qxb2+ 76. Kxb2 Rxf6 77. b4 Kb6 78. Kc3 Rf3+ 79.
Kc4 Rf4+ 80. Kb3 a5 81. bxa5+ Kxa5 82. Kc3 Rxa4 83. Kd3 Rb4 84. Kc3 Kb5 85. Kd3 Kc5 86.
Kc3 Rc4+ 87. Kd3 Kd5 88. Ke3 Rd4 89. Kf3 Ke5 90. Ke3 Rd5 91. Ke2 Ke4 92. Kf2 Rd2+ 93. Kg3 Re2 94. Kg4 Rg2+ 95. Kh3 Rg7 96.
Kh4 Kf5 97. Kh3 Kf4 98. Kh2 Kf3 99. Kh3 Rh7# 0-1

[Event "*** Titled Tuesday Blitz"]
[Site "Chess.com"]
[Date "2020.05.26"]
[Round "5"]
[White "agrigo3"]
[Black "Gandrade2"]
[Result "0-1"]
[WhiteElo "2275"]
[BlackElo "2022"]
[TimeControl "180+1"]
[EndTime "10:58:57 PDT"]
[Termination "Gandrade2 won by checkmate"]

1. Nf3 Nf6 2. g3 g6 3. Bg2 Bg7 4. O-O O-O 5. d3 d6 6. e4 c5 7. Nc3 Nc6 8. Be3 Rb8 9. a4 a6 10. h3 b5 11. axb5 axb5 12. Qd2 b4 13. Ne2 Nd7 14. c3 Nde5 15. Nxe5 Bxe5 16. f4 Bg7 17. Kh2 Na5 18. Qc2 Bd7 19. Ng1 Be6 20. Nf3 Nb3 21. Ra4 bxc3 22. bxc3 Bd7 23. Ra3 Na5 24. Rfa1 Nc6 25. d4 cxd4 26. cxd4 Qc8 27. d5 Bxa1 28. dxc6 Qxc6 29. Qxc6 Bxc6 30. Rxa1 Bxe4 31. Ra7 Rfe8 32. h4 Kg7 33. Ra2 Bd5 34. Rd2 e6 35. Bd4+ f6 36.
Ne1 Rb3 37. Bxd5 exd5 38. Nc2 Re4 39. Ne3 Rb5 40. Kg2 Kf7 41. Kf3 f5 42. Kf2 Ke6 43. Kf3 Rb3 44. Ba7 Rbxe3+ 45. Bxe3 Rb4 46. Kf2 Ra4 47. Bd4 Rc4 48. Re2+ Kf7 49. Bb2 Rb4 50. Rd2 Rb5 51.
Bc3 Ke6 52. Ke3 Rc5 53. Kd3 Rc4 54. Re2+ Kf7 55. Bd4 Ra4 56. Rb2 Ra3+ 57. Bc3 Ra4 58. Kd2 Ra7 59. Rb7+ Rxb7 60. Kd3 Ra7 61. Bd4 Ra6 62. Bc3 Ke6 63. Kd4 Ra3 64. Kd3 d4 65. Kxd4 Ra1 66. Bd2 Ra2 67. Kd3 Rxd2+ 68. Kxd2 Kd5 69.
Kd3 Kc5 70. Kc3 d5 71. Kd3 d4 72. Kd2 Kc4 73. Kc2 d3+ 74. Kd2 Kd4 75. Kd1 Ke3 76.
Ke1 Kf3 77. h5 gxh5 78. Kd2 Kxg3 79. Kxd3 Kxf4 80. Ke2 Kg3 81. Kf1 f4 82. Kg1 f3 83.
Kh1 Kf4 84. Kg1 Ke3 85. Kf1 h4 86. Kg1 f2+ 87. Kf1 h6 88. Kg2 Ke2 89. Kh2 f1=R 90. Kg2 Rf7 91. Kh2 Kf2 92. Kh3 Rf4 93. Kh2 Rf3 94.
Kh1 Rh3# 0-1

[Event "*** Titled Tuesday Blitz"]
[Site "Chess.com"]
[Date "2020.05.26"]
[Round "5"]
[White "LuckSlayeer"]
[Black "BaMBoMaTTo"]
[Result "1/2-1/2"]
[WhiteElo "2469"]
[BlackElo "2676"]
[TimeControl "180+1"]
[EndTime "10:59:02 PDT"]
[Termination "Game drawn by repetition"]

1. Nf3 Nf6 2. c4 g6 3. Nc3 d5 4. cxd5 Nxd5 5. Qb3 Nb6 6. d4 Bg7 7. e4 Bg4 8. Be3 O-O 9. Rd1 Nc6 10. d5 Ne5 11.
Be2 Nxf3+ 12. gxf3 Bh5 13. a4 Nd7 14. h4 Qc8 15. f4 Bxe2 16. Nxe2 Nf6 17. Ng3 c6 18. h5 cxd5 19. hxg6 hxg6 20. e5 Ne4 21. Qxd5 Nxg3 22. fxg3 Qg4 23. Kf2 Rac8 24. Rd2 b6 25. Qg2 Rfd8 26.
Rxd8+ Rxd8 27. Qf3 Qf5 28. Rc1 e6 29. g4 Qd3 30.
Qe2 Qd7 31. Qb5 Qe7 32. g5 Bf8 33. Ke2 Qb7 34. Qc6 Qa6+ 35. Qb5 Qb7 36. Qc6 Qe7 37.
Qc7 Qe8 38. Qc6 Rd7 39. b3 Qd8 40. Qc4 Rd5 41. Qc2 Bc5 42. Bxc5 Rxc5 43. Qd2 Qc8 44.
Rxc5 Qxc5 45. Qd8+ Kh7 46. Qf6 Qc2+ 47. Ke1 Qb1+ 48.
Kf2 Qc2+ 49. Ke1 Qc1+ 50. Kf2 Qd2+ 51. Kf1 Kg8 52. Kg1 Qe3+ 53. Kf1 Qxb3 54. Qd8+ Kh7 55. Qe7 Qb1+ 56. Kf2 Qf5 57. Qxa7 Qxf4+ 58. Kg1 Qxg5+ 59. Kf1 Qf4+ 60. Kg2 Qe4+ 61. Kf2 Qf4+ 62. Kg2 Kg7 63.
Qxb6 Qxa4 64. Qd6 Qc2+ 65. Kf1 Qf5+ 66. Kg2 g5 67. Kg1 Qg4+ 68. Kf1 Qf3+ 69. Kg1 g4 70. Qe7 Qe3+ 71. Kg2 Qxe5 72. Kg1 Qf5 73. Kg2 Qf3+ 74.
Kg1 Qf4 75. Kg2 e5 76. Kg1 e4 77. Qd7 e3 78. Qe7 Qf2+ 79. Kh1 Qf3+ 80. Kg1 Kg6 81.
Qd6+ f6 82. Qe7 e2 83. Qe8+ Kg5 84. Qg8+ Kf4 85. Qb8+ Kf5 86. Qc8+ Kg5 87. Qg8+ Kh4 88. Qh8+ Kg5 89. Qg8+ 1/2-1/2

[Event "*** Titled Tuesday Blitz"]
[Site "Chess.com"]
[Date "2020.05.26"]
[Round "5"]
[White "rpragchess"]
[Black "lupta_robin"]
[Result "1/2-1/2"]
[WhiteElo "2832"]
[BlackElo "2623"]
[TimeControl "180+1"]
[EndTime "10:59:05 PDT"]
[Termination "Game drawn by stalemate"]

1. d4 d5 2. Bf4 Nf6 3. e3 e6 4.
Nd2 Bd6 5. Bg3 c5 6. Ngf3 Nc6 7. c3 O-O 8. Bd3 b6 9. e4 dxe4 10. Nxe4 Be7 11. Nxf6+ Bxf6 12. Be4 Bb7 13. dxc5 bxc5 14. O-O Qb6 15. Qc2 h6 16. Nd2 Ba6 17. Rfe1 Rfd8 18. Rad1 Rac8 19. Nf3 Bb7 20. h3 Na5 21. Bxb7 Qxb7 22.
Nd2 Be7 23. Ne4 Qb6 24. b3 c4 25. b4 Nb7 26. Rxd8+ Rxd8 27. Rd1 a5 28. a3 f5 29.
Rxd8+ Qxd8 30. Nd2 Qd5 31. Qa2 Nd6 32. Bxd6 Bxd6 33.
g3 axb4 34. axb4 f4 35. gxf4 Bxf4 36. Nxc4 Qd1+ 37. Kg2 Qd5+ 38. f3 Qg5+ 39. Kf1 Qg3 40. Qg2 Qh4 41. Qg4 Qf6 42. Ke2 g5 43. h4 Kg7 44.
hxg5 hxg5 45. Kd3 Qd8+ 46. Kc2 Qf6 47. Kb3 Qg6 48. Kb2 Qd3 49. Qxe6 Bd2 50. Qe5+ Kg6 51. Nxd2 Qxd2+ 52. Ka3 Qc1+ 53. Ka4 Qd1+ 54. Ka5 Qxf3 55. b5 g4 56. b6 g3 57. b7 Qxb7 58. Qxg3+ Kf5 59.
Qe3 Qa8+ 60. Kb4 Qb7+ 61. Ka3 Qa6+ 62. Kb2 Qb5+ 63. Kc1 Qc4 64. Kd2 Kf6 65. Qf3+ Ke6 66. Qh3+ Kd5 67. Qh5+ Kc6 68. Qg6+ Kc5 69. Qg5+ Kc6 70.
Qg6+ Kc5 71. Qe8 Qd5+ 72. Ke3 Qc4 73. Qc8+ Kd5 74. Qg8+ Kc5 75. Qf8+ Kd5 76. Qf5+ Kc6 77. Qe4+ Qxe4+ 78. Kxe4 Kc5 79. Kd3 Kd5 80. Ke3 Kc4 81. Kd2 Kd5 82. Kd3 Kc5 83. c4 Kd6 84. Kc3 Kc5 85. Kb3 Kc6 86. Kb4 Kb6 87. c5+ Kc6 88.
Kc4 Kc7 89. Kd5 Kd7 90. c6+ Kc7 91. Kc5 Kc8 92. Kc4 Kc7 93. Kd5 Kc8 94. Kd4 Kc7 95.
Kc5 Kc8 96. Kb6 Kb8 97. c7+ Kc8 98. Kc6 1/2-1/2

[Event "*** Titled Tuesday Blitz"]
[Site "Chess.com"]
[Date "2020.05.26"]
[Round "5"]
[White "Infernal_XaM"]
[Black "Sibelephant"]
[Result "1/2-1/2"]
[WhiteElo "2840"]
[BlackElo "3168"]
[TimeControl "180+1"]
[EndTime "10:59:06 PDT"]
[Termination "Game drawn - insufficient material"]

1. c4 e5 2. Nc3 Nf6 3. e3 g6 4.
Nf3 Nc6 5. d4 exd4 6. exd4 Bg7 7. Qe2+ Ne7 8. Bf4 O-O 9. O-O-O d5 10. c5 b6 11. h3 Ne4 12. Nxe4 dxe4 13. Qxe4 Bf5 14.
Qb7 Nd5 15. Bg5 Qd7 16. Bc4 Nb4 17. c6 Qd6 18. Rhe1 Nxc6 19. g4 Na5 20. Qd5 Be6 21. Qxd6 cxd6 22. Bxe6 fxe6 23. Rd3 Rae8 24. Kb1 Nc6 25.
Bh4 Nb4 26. Rb3 Nd5 27. Bg3 Nf4 28. Ng5 Bxd4 29. Bxf4 Rxf4 30. Rxe6 Ref8 31. f3 R4f6 32. Rxf6 Rxf6 33. Rd3 Be5 34. Ne4 Re6 35. b3 Kf8 36.
Kc2 h6 37. Kd1 Re7 38. a4 Rd7 39. h4 Ke7 40. Nc3 Ke6 41. Nd5 g5 42. h5 Rf7 43.
Ke2 Bf4 44. Nc3 Rc7 45. Nb5 Rc2+ 46. Kd1 Rc1+ 47. Ke2 d5 48. Nxa7 Rc2+ 49. Kd1 Rc1+ 50. Ke2 Ke5 51. Nb5 Rc2+ 52. Kd1 Rc1+ 53. Ke2 Rc2+ 54. Kd1 Rf2 55. Nd4 Rf1+ 56. Ke2 Rc1 57. Nf5 Rc2+ 58. Ke1 Rc1+ 59. Rd1 Rc3 60. Ke2 Rxb3 61.
Nxh6 Rb2+ 62. Kf1 Rb3 63. Ke2 d4 64. Nf5 Rb2+ 65. Kd3 Rb3+ 66. Ke2 Rb2+ 67. Kd3 Rb3+ 68. Kc4 Rc3+ 69. Kb5 Rxf3 70. Nxd4 Rg3 71. Nc6+ Ke4 72. Kxb6 Rxg4 73. Rh1 Rh4 74. Re1+ Kd5 75. a5 Rxh5 76.
a6 Rh2 77. Rd1+ Ke6 78. a7 Rb2+ 79. Ka6 Ra2+ 80. Na5 Bc7 81. Kb7 Rxa5 82. Re1+ Kf5 83. a8=Q Rxa8 84. Kxa8 Bf4 85. Rg1 Kf6 86. Rxg5 Kxg5 1/2-1/2

[Event "*** Titled Tuesday Blitz"]
[Site "Chess.com"]
[Date "2020.05.26"]
[Round "5"]
[White "okriak"]
[Black "profofchess"]
[Result "1-0"]
[WhiteElo "2718"]
[BlackElo "2484"]
[TimeControl "180+1"]
[EndTime "10:59:16 PDT"]
[Termination "okriak won on time"]

1. Nf3 Nc6 2. e4 d6 3. d4 Nf6 4. Bd3 g6 5. c3 Bg7 6. d5 Ne5 7. Nxe5 dxe5 8. O-O O-O 9. c4 e6 10. Nc3 exd5 11. cxd5 Ne8 12. Be3 Nd6 13. Nb5 Nxb5 14. Bxb5 f5 15. f3 Bd7 16. Bxd7 Qxd7 17. Qb3 Kh8 18.
Rac1 fxe4 19. fxe4 c6 20. dxc6 Rxf1+ 21. Kxf1 bxc6 22.
Qc4 Rd8 23. Kg1 Rc8 24. b4 Qe7 25. a3 Qd7 26. h3 h6 27. Kh2 Kh7 28. a4 h5 29. b5 c5 30. a5 Rb8 31. Rb1 Qc7 32. Bd2 Bh6 33. Bxh6 Kxh6 34. Qc3 Rd8 35. b6 axb6 36.
axb6 Qd6 37. b7 Rb8 38. Rb5 Qd4 39. Qc1+ Kh7 40. Qg5 Qxe4 41. Qe7+ Kh6 42. Qxc5 Qf4+ 43. Kh1 e4 44. Rb3 e3 45. Qb5 Qg3 46. Qe2 h4 47. Kg1 Qf4 48. Rb1 Qe5 49. Rb4 Qg5 50. Rg4 Qe5 51.
Rxh4+ Kg7 52. Rb4 Qa1+ 53. Kh2 Qe5+ 54. g3 Qc3 55. Qb2 Qxb2+ 56. Rxb2 e2 57. Rxe2 Rxb7 58. h4 Rb3 59. Kh3 Kh6 60. Re4 Rc3 61. Kg4 Rb3 62. Ra4 Rc3 63. Rb4 Rd3 64. Kh3 Rc3 65. Rf4 Rb3 66.
Kg4 Ra3 67. Rf3 Ra4+ 68. Kh3 Rb4 69. g4 Rc4 70. Kg3 Kg7 71. Re3 Rd4 72. Re7+ Kf6 73. Re3 Rc4 74. Rd3 Kg7 75. Rd7+ Kf6 76. g5+ Kf5 77.
Rf7+ Ke5 78. Rf6 Rc3+ 79. Kg4 Rc4+ 80. Kg3 Rc3+ 81. Rf3 Rc4 82. Re3+ Kf5 83. Ra3 Rb4 84. Rf3+ Ke5 85. Kh3 Rc4 86. h5 Rb4 87. hxg6 Rb6 88. Kg4 Rxg6 89. Kh5 Rg8 90. g6 Rh8+ 91. Kg5 Rh1 92.
g7 Rg1+ 93. Kh6 Ke6 94. Rf4 Ke7 95. Rf8 Rh1+ 96. Kg6 Rg1+ 97. Kh7 Rh1+ 98. Kg8 Rg1 99. Rf4 Rh1 100. Rf2 Rh3 101. Re2+ Kf6 102. Kf8 Rb3 103. g8=Q Rb8+ 104. Re8 1-0

[Event "*** Titled Tuesday Blitz"]
[Site "Chess.com"]
[Date "2020.05.26"]
[Round "5"]
[White "JoySpaceman"]
[Black "AEMEffi"]
[Result "1/2-1/2"]
[WhiteElo "2497"]
[BlackElo "2317"]
[TimeControl "180+1"]
[EndTime "10:59:44 PDT"]
[Termination "Game drawn - timeout vs insufficient material"]

1. d4 d5 2. Nc3 c6 3. Bf4 Nf6 4. e3 h6 5. Bd3 e6 6. Nf3 Bd6 7. Qe2 a6 8. h3 b5 9. Bxd6 Qxd6 10. e4 Qc7 11. g4 Bb7 12. g5 hxg5 13. e5 Nfd7 14.
Nxg5 Nf8 15. Qf3 c5 16. dxc5 Qxe5+ 17. Qe3 Qxe3+ 18. fxe3 Nbd7 19. b4 Ke7 20. e4 f6 21.
Nf3 d4 22. Nxd4 Ne5 23. O-O-O Rh4 24. Rdg1 Nfg6 25. Nf3 Kf7 26. Nxh4 Nxh4 27. Rg3 g5 28. Rf1 a5 29. Nxb5 Ke7 30. a3 axb4 31. Bc4 Nxc4 32. Rd1 bxa3 33. Kb1 a2+ 34. Ka1 Bxe4 35. Rc1 Bc6 36.
Nd6 Nxd6 37. cxd6+ Kxd6 38. Rd3+ Ke7 39. Rc3 Bd5 40.
Rc7+ Kd6 41. Rf7 f5 42. Rg7 Ke5 43. Rxg5 Nf3 44. Rg3 Nd2 45. Re3+ Kf4 46. Rd3 Ne4 47. Rf1+ Ke5 48. Re3 Bc4 49. Rfe1 Kd4 50. Rf3 Ra7 51.
Rd1+ Ke5 52. h4 Rh7 53. Ra3 Rxh4 54. Ra5+ Kf6 55. Ra3 Bd5 56. Kb2 Rh2 57. Ra4 f4 58. Rad4 f3 59. Rf1 f2 60. Rd3 Ke5 61. Ra3 Bc4 62.
Ra5+ Kf4 63. Ra1 f1=Q 64. Rxf1+ Bxf1 65. Rxa2 Be2 66. Ra8 Bf3 67. Rf8+ Ke3 68. Rg8 e5 69.
Kb3 Kf4 70. c4 Bg4 71. Kb4 Bf5 72. Rf8 Rb2+ 73. Ka3 Rc2 74. Kb4 Rb2+ 75. Ka3 Rb7 76. Rd8 Nc5 77. Rd5 Ra7+ 78. Kb4 Ne6 79. Rd1 Nd4 80. Kc5 Nf3 81. Rf1 e4 82. Kb6 e3 83.
Kxa7 e2 84. Rc1 e1=Q 85. Rxe1 Nxe1 86. c5 Ke5 87. c6 Kd6 88. Kb6 Nd3 89. c7 Ne5 90.
Kb7 Be4+ 91. Kb6 Nd7+ 92. Kb5 Kxc7 93. Kc4 Kd6 94. Kd4 Bd5 95. Kc3 Kc5 96. Kd3 Ne5+ 97. Ke3 Bc6 98. Kf4 Kd4 99. Kf5 Bd5 100. Kf6 Nd7+ 101. Kf5 Nc5 102. Kf4 Ne4 103. Kf5 Bc4 104. Kf4 Be2 105. Kf5 Bh5 106. Kf4 Kd5 107. Kf5 Nd6+ 108. Kf6 Bg4 109. Kg5 Be6 110. Kf4 Nc4 111. Kg5 Ke5 112. Kg6 Nd6 113. Kg5 Ne4+ 114. Kg6 Bd5 115. Kg7 Kf5 116. Kf8 Ke6 117. Ke8 Nd6+ 118. Kf8 Nf7 119. Kg7 Kf5 120. Kf8 Kf6 121. Ke8 Ke6 122. Kf8 Ne5 123. Kg7 Kf5 124. Kh6 1/2-1/2